 Dungeon Crawl Stone Soup version 0.31-a0-1352-gc98d92de7d (webtiles) character file.

Game seed: 17253400928884354862

175 tilp the Vexing (level 5, -1/38 HPs)
             Began as a Vampire Enchanter on Dec 22, 2023.
             Slain by Grinder (6 damage)
             ... on level 3 of the Dungeon.
             The game lasted 00:04:50 (2907 turns).

tilp the Vexing (Vampire Enchanter)                 Turns: 2907, Time: 00:04:51

Health: -1/38      AC:  3    Str:  7    XL:     5   Next: 29%
Magic:  17/17      EV: 13    Int: 20    God:
Gold:   104        SH:  0    Dex: 14    Spells: 3/8 levels left

rFire   . . .        a - +1 dagger
rCold   . . .        (no shield)
rNeg    . . .        m - +0 robe
rPois   .            (no helmet)
rElec   .            t - +0 cloak
rCorr   .            (no gloves)
SInv    +            (no boots)
Will    +....        s - amulet of magic regeneration
Stlth   +++          g - ring of magical power
HPRegen 0.46/turn    j - ring of willpower
MPRegen 0.55/turn

%: no passive effects
@: healing quickly
A: alive, fangs 3, see invisible, vampiric 2
a: Exsanguinate


You were on level 3 of the Dungeon.
You visited 1 branch of the dungeon, and saw 3 of its levels.

You collected 104 gold pieces.

Inventory:

Hand Weapons
 a - a +1 dagger (weapon)
 b - a +0 falchion
 p - a +0 dagger of venom
 u - a +1 dagger of holy wrath
Missiles
 i - 4 poisoned darts (quivered)
Armour
 m - a +0 robe (worn)
 t - a +0 cloak (worn)
Magical Staves
 n - a staff of air
Jewellery
 g - a ring of magical power (left hand)
 j - a ring of willpower (right hand)
 s - an amulet of magic regeneration (around neck)
Wands
 o - a wand of flame (20)
 q - a wand of roots (8)
Scrolls
 e - a scroll of poison {unknown}
 f - 2 scrolls of vulnerability
 k - a scroll of teleportation
 r - a scroll of enchant armour {unknown}
Potions
 c - 3 potions of invisibility
 d - a potion of might
 h - a potion of curing
 l - 2 potions of attraction {unknown}


   Skills:
 * Level 1.8 Fighting
 * Level 2.2(2.4) Short Blades
 * Level 1.1(1.8) Long Blades
 + Level 2.9 Dodging
 + Level 5.0 Stealth
 + Level 2.3 Spellcasting
 * Level 5.3 Hexes
 + Level 1.1 Ice Magic
 + Level 0.5 Evocations


You had 3 spell levels left.
You knew the following spells:

 Your Spells              Type           Power      Damage    Failure   Level
a - Ensorcelled Hibernat  Hex/Ice        30%        N/A       6%          2
b - Confusing Touch       Hex            23%        N/A       4%          3

Your spell library contained the following spells:

 Spells                   Type           Power      Damage    Failure   Level
 Tukima's Dance           Hex            23%        N/A       4%          3
 Dazzling Flash           Conj/Hex       26%        N/A       16%         3


Dungeon Overview and Level Annotations

Branches:
Dungeon (3/15)

Altars:

Annotations:
D:3 2 transporters, Grinder; MrCrawl's ghost, amateur DrFE


Innate Abilities, Weirdness & Mutations

Your natural rate of healing is accelerated.
You have razor-sharp teeth.
You have supernaturally acute eyesight. (SInv)
You are afflicted with vampirism and can become a bat while bloodless.


Message History

You barely miss the frilled lizard. The frilled lizard misses you.
You hit the frilled lizard.
You kill the frilled lizard!
Grinder blinks!
You barely miss Grinder. Grinder hits you.
Unknown command.
Casting: Ensorcelled Hibernation (safe; 6% risk of failure)
Confirm with . or Enter, or press ? or * to list all spells.
Your hands begin to glow red.
Grinder hits you.
You writhe in agony.
Unknown command.
You hit Grinder but do no damage. You barely miss Grinder.
Grinder gestures at you. You resist with some effort.
You completely miss Grinder. Grinder hits you!
You writhe in agony.
You barely miss Grinder.
Grinder says, "Don't move a muscle."
Grinder hits you.
* * * LOW HITPOINT WARNING * * *
You writhe in agony.
* * * LOW HITPOINT WARNING * * *
Unknown command.
Aiming: Fastroot
Press: ? - help, Shift-Dir - straight line The roots erupt in riotous growth!
Roots grab Grinder.
The ball python hisses angrily.
The grasping roots constrict Grinder.
Grinder closely misses you.
Unknown command.
Unknown command.
Unknown command.
Unknown command.
You hit Grinder but do no damage.
Grinder appears confused.
Grinder is lightly wounded.
The grasping roots constrict Grinder.
The roots release their grip on Grinder.
Grinder hits you!
* * * LOW HITPOINT WARNING * * *
You writhe in agony.
You die...

#.# #.#.##....
##########.#.######
..#.....#.# #.
..#.......# #.
..#.####### #.S
..#.#.... #.. ..#.#.#.
#.#. . #..####).#.#..#
...# ..
#..S..@5.#.#..##...##..
#....?...#.#.#..#.#..#.
####''####.#WO...[$....
#..##...############
##.####......©.©....
#.# #.............
#.#####.#####.###.#
#.......# #.....#
#######.# #####.#


You could see Grinder (confused) and a ball python.

Vanquished Creatures
  An orc priest (D:3)
  Natasha (D:3)
  A gnoll (D:3)
  2 adders
  2 dart slugs
  8 orcs (D:3)
  7 bats
  6 endoplasms
  2 giant cockroaches (D:2)
  11 goblins
  8 hobgoblins
  4 jackals (D:1)
  2 quokkas
  7 ball pythons
  6 frilled lizards
  3 kobolds
  5 rats
76 creatures vanquished.

Notes
Turn   | Place    | Note
-------+----------+-------------------------------------------
     0 | D:1      | tilp the Vampire Enchanter began the quest for the Orb.
     0 | D:1      | Reached XP level 1. HP: 13/13 MP: 3/3
     2 | D:1      | Noticed an octopode
     2 | D:1      | Noticed a ghoul
     4 | D:1      | Noticed a naga
     6 | D:1      | Noticed a demigod
     6 | D:1      | Noticed a vine stalker
     8 | D:1      | Noticed a minotaur
     8 | D:1      | Noticed a gargoyle
    10 | D:1      | Noticed a tengu
    10 | D:1      | Noticed an ogre
    12 | D:1      | Noticed an elf
    14 | D:1      | Noticed a draconian
    14 | D:1      | Noticed a merfolk
    16 | D:1      | Noticed a troll
    16 | D:1      | Noticed a demonspawn
    18 | D:1      | Noticed a vampire
    20 | D:1      | Noticed an armataur
    20 | D:1      | Noticed a spriggan
    22 | D:1      | Noticed a human
    22 | D:1      | Noticed a felid
    24 | D:1      | Noticed a merfolk
   204 | D:1      | Reached XP level 2. HP: 17/20 MP: 5/5
   207 | D:1      | Learned a level 2 spell: Ensorcelled Hibernation
   772 | D:1      | Reached skill level 1 in Fighting
   772 | D:1      | Gained mutation: You are afflicted with vampirism and can
                  | become a bat while bloodless. [Vampire growth]
   772 | D:1      | Reached XP level 3. HP: 26/26 MP: 6/6
   781 | D:1      | Learned a level 3 spell: Confusing Touch
  1906 | D:2      | Reached skill level 5 in Hexes
  1927 | D:2      | Reached XP level 4. HP: 22/32 MP: 7/7
  2222 | D:3      | Reached skill level 1 in Ice Magic
  2386 | D:3      | Reached skill level 1 in Long Blades
  2393 | D:3      | Reached XP level 5. HP: 25/38 MP: 8/8
  2806 | D:3      | Noticed Natasha
  2813 | D:3      | Killed Natasha
  2814 | D:3      | Reached skill level 5 in Stealth
  2848 | D:3      | Noticed MrCrawl's ghost (amateur DrFE)
  2850 | D:3      | Found a transporter.
  2852 | D:3      | Found a transporter.
  2855 | D:3      | Noticed an ogre
  2897 | D:3      | Noticed Grinder
  2907 | D:3      | Slain by Grinder

Illustrated notes

Levels and vault maps discovered:
D:1:      kb_arrival_jail, layout_basic
D:2:      minmay_diamond_boxcup, layout_basic
D:3:      minmay_evil_eye, layout_loops_ring, tso_metal_star,
          gammafunk_ghost_smash, kennysheep_generic_room_6, uniq_natasha,
          uniq_terence, uniq_grinder

Skill      XL: |  1  2  3  4  5 |
---------------+----------------+-----
Fighting       | 1 |  1.8
Hexes          | 5 |  5.3
Ice Magic      | 1 |  1.1
Short Blades   | 2 |  2.2
Long Blades    | 1 |  1.1
Stealth        | 5 |  5.0
Dodging        | |  2.9
Spellcasting   | |  2.3
Evocations     | |  0.5

Action                     |  1- 3 |  4- 6 || total
---------------------------+-------+-------++-------
  Melee: Dagger            |    99 |    49 ||   148
         Bite              |     6 |     3 ||     9
         Punch             |     1 |       ||     1
   Cast: Ensorcelled Hiber |    18 |    19 ||    37
         Confusing Touch   |       |     1 ||     1
  Evoke: Wand              |       |     1 ||     1
    Use: Scroll            |     6 |     1 ||     7
   Stab: Sleeping          |    28 |    21 ||    49
 Armour: Robe              |    55 |    24 ||    79
  Dodge: Dodged            |    49 |    23 ||    72

Table legend: (Time is in decaauts)
 A = Elapsed time spent in this place.
 B = Non-inter-level travel time spent in this place.
 C = Inter-level travel time spent in this place.
 D = Time resting spent in this place.
 E = Time spent auto-exploring this place.
 F = Levels seen in this place.
 G = Mean time per level.
                   A        B        C        D        E       F      G
               +--------+--------+--------+--------+--------+-----+--------+
         Total |   2895 |   2841 |     54 |     72 |   2232 |   3 |  965.0 |
       Dungeon |   2895 |   2841 |     54 |     72 |   2232 |   3 |  965.0 |
               +--------+--------+--------+--------+--------+-----+--------+

Top non-repeatable levels by time:
     D:2: 1216 daAuts
     D:1: 978 daAuts
     D:3: 700 daAuts
